 Dungeon Crawl Stone Soup version 0.24.1-14-gf8d2b509d9 (webtiles) character file.

Game seed: 9009248428379926998, levelgen mode: deterministic

259 frogmoss10 the Chiller (level 6, 0/43 HPs)
             Began as a Merfolk Ice Elementalist on Nov 11, 2020.
             Slain by an orc wizard
             ... wielding a cursed -1 dagger
              (2 damage)
             ... on level 4 of the Dungeon.
             The game lasted 00:09:44 (3933 turns).

frogmoss10 the Chiller (Merfolk Ice Elementalist)   Turns: 3933, Time: 00:09:47

Health: 0/43       AC:  9    Str:  8    XL:     6   Next: 17%
Magic:  6/12       EV: 13    Int: 17    God:
Gold:   69         SH:  0    Dex: 14    Spells: 3/13 levels left

rFire    . . .     SeeInvis .   m - +2 short sword (elec)
rCold    . . .     Gourm    .   (no shield)
rNeg     . . .     Faith    .   a - +0 robe
rPois    .         Spirit   .   (no helmet)
rElec    .         Reflect  .   (no cloak)
rCorr    .         Harm     .   f - +0 pair of gloves
MR       .....                  (no boots)
Stlth    ++........             (no amulet)
HPRegen  0.14/turn              (no ring)
MPRegen  0.13/turn              (no ring)

@: icy armour
A: change form in water, swift swim, stealthy swim
a: no special abilities


You were on level 4 of the Dungeon.
You were hungry.

You visited 1 branch of the dungeon, and saw 4 of its levels.

You collected 69 gold pieces.

Inventory:

Hand Weapons
 m - a +2 short sword of electrocution (weapon)
Missiles
 b - 7 poisoned darts (quivered)
 j - 4 atropa-tipped darts
 l - 175 stones
Armour
 a - a +0 robe (worn)
 f - a +0 pair of gloves (worn)
 q - a +0 leather armour
Jewellery
 g - a +2 ring of dexterity {unknown}
 o - an uncursed ring of see invisible {unknown}
 t - an uncursed amulet of harm {unknown}
Scrolls
 e - a scroll of amnesia {unknown}
 h - a scroll of immolation {unknown}
 k - 2 scrolls of remove curse {unknown}
 r - 2 scrolls of fog {unknown}
 s - 3 scrolls of teleportation {unknown}
 u - 2 scrolls of enchant weapon {unknown}
 v - a scroll of noise {unknown}
Potions
 d - 2 potions of degeneration {unknown}
 i - a potion of curing
 n - a potion of flight {unknown}
 p - a potion of resistance {unknown}
Comestibles
 c - 6 rations


   Skills:
 + Level 1.2 Fighting
 - Level 2.9 Dodging
 - Level 2.2 Stealth
 * Level 4.2 Spellcasting
 + Level 0.9 Conjurations
 + Level 0.3 Charms
 * Level 5.3 Ice Magic


You had 3 spell levels left.
You knew the following spells:

 Your Spells              Type           Power        Failure   Level  Hunger
a - Freeze                Ice            ###.         1%          1    None
b - Throw Frost           Conj/Ice       ##....       6%          2    ##.....
c - Ozocubu's Armour      Chrm/Ice       ##......     14%         3    ###....
d - Throw Icicle          Conj/Ice       ##......     38%         4    ####...

Your spell library contained the following spells:

 Spells                   Type           Power        Failure   Level  Hunger
 Summon Ice Beast         Ice/Summ       ##......     45%         4    ####...


Dungeon Overview and Level Annotations

Branches:
Dungeon (4/15)
 Temple: D:4-7

Altars:
Cheibriados
Uskayaw
Zin


Message History

Casting: Freeze (safe; 1% risk of failure)
Confirm with . or Enter, or press ? or * to list all spells.
Aiming: Freeze (safe; 1% risk of failure)
Press: ? - help, Shift-Dir - straight line, f/p - orc
Aim: an orc, wielding a +2 short sword of freezing (moderately wounded)
You freeze the orc!
You kill the orc!
Casting: Freeze (safe; 1% risk of failure)
Confirm with . or Enter, or press ? or * to list all spells.
Aiming: Freeze (safe; 1% risk of failure)
Press: ? - help, Shift-Dir - straight line, f - orc wizard
Aim: an orc wizard, wielding a -1 dagger and wearing a +0 robe (fast)
You freeze the orc wizard.
The orc wizard is heavily wounded.
The orc wizard looks braver for a moment.
The orc priest calls down the wrath of Beogh upon you.
Beogh smites you!
* * * LOW HITPOINT WARNING * * *
The orc wizard hits you with a cursed -1 dagger.
You die...

...#.....................#
...#.....................#
...#.....................#
...#.............†.......#
...#.....#########.......#
...#.....#.......#.......#
...#.....#[......#.......#
...'.....#.......#########
...#....÷'......@o.......#
...#.....#######o##......#
...#...........oo.#......#
...#..............########
...#................o....#
...#........<..............
...######..................
........#######'##.........
.................#.........


You could see 2 orc priests, an orc wizard and an orc.

Vanquished Creatures
  An orc wizard (D:4)
  An orc priest (D:4)
  A worker ant (D:4)
  An iguana (D:4)
  2 gnolls (D:2)
  4 adders
  An ooze (D:1)
  An adder skeleton (D:4)
  2 worms (D:3)
  2 leopard geckos
  5 orcs
  4 giant cockroaches
  9 goblins
  11 hobgoblins
  6 jackals
  4 quokkas
  4 bats
  5 frilled lizards
  8 kobolds
  4 rats
76 creatures vanquished.

Notes
Turn   | Place    | Note
-------+----------+-------------------------------------------
     0 | D:1      | frogmoss10 the Merfolk Ice Elementalist began the quest for
                  | the Orb.
     0 | D:1      | Reached XP level 1. HP: 13/13 MP: 3/3
   223 | D:1      | Reached XP level 2. HP: 13/19 MP: 0/5
   381 | D:1      | Learned a level 2 spell: Throw Frost
   592 | D:1      | Reached XP level 3. HP: 24/24 MP: 1/6
   789 | D:1      | Reached skill level 4 in Ice Magic
   844 | D:1      | Learned a level 3 spell: Ozocubu's Armour
  1523 | D:2      | Found a snail-covered altar of Cheibriados.
  1726 | D:2      | Reached XP level 4. HP: 30/30 MP: 8/8
  2341 | D:3      | Found a hide-covered altar of Uskayaw.
  2598 | D:3      | Reached XP level 5. HP: 26/36 MP: 5/10
  2747 | D:3      | Learned a level 4 spell: Throw Icicle
  2776 | D:3      | Reached skill level 1 in Fighting
  3000 | D:3      | Found a glowing silver altar of Zin.
  3604 | D:4      | Reached skill level 5 in Ice Magic
  3654 | D:4      | Reached XP level 6. HP: 43/43 MP: 12/12
  3933 | D:4      | HP: 2/43 [orc priest/divine providence (14)]
  3933 | D:4      | Slain by an orc wizard

Levels and vault maps discovered:
D:1:      onia_arrival_mini_spirals, layout_basic, lemuel_old_faithful
D:2:      layout_basic, cheibriados_altar_1
D:3:      layout_rooms, nicolae_overflow_hidden_temple, old_standard_altar
D:4:      layout_gridville

Skill      XL: |  1  2  3  4  5 |
---------------+----------------+-----
Ice Magic      | 4 5 |  5.3
Spellcasting   | 3 4 |  4.2
Fighting       | 1 |  1.2
Dodging        | |  2.9
Stealth        | |  2.2
Conjurations   | |  0.9
Charms         | |  0.3

Action                   |  1- 3 |  4- 6 || total
-------------------------+-------+-------++-------
Melee: Unarmed           |    33 |       ||    33
       Short sword       |    21 |    80 ||   101
Throw: Dart              |    13 |       ||    13
 Cast: Freeze            |    26 |    36 ||    62
       Throw Frost       |    12 |     4 ||    16
       Ozocubu's Armour  |       |     6 ||     6
  Use: Potion            |       |     2 ||     2
 Stab: Sleeping          |     2 |     2 ||     4
  Eat: Chunk             |     4 |     7 ||    11
Armor: Robe              |    23 |    33 ||    56
Dodge: Dodged            |    67 |   110 ||   177
